 Dungeon Crawl Stone Soup version 0.16.2-12-gd0ad4c3 (webtiles) character file.

2354 kroki the Cleaver (level 9, -5/79 HPs)
             Began as a Minotaur Abyssal Knight on Feb 24, 2016.
             Was a High Priest of Lugonu.
             Slain by an insubstantial wisp (6 damage)
             ... on level 7 of the Dungeon.
             The game lasted 00:09:32 (5527 turns).

kroki the Cleaver (Minotaur Abyssal Knight)         Turns: 5527, Time: 00:09:32

Health: -5/79      AC: 12    Str: 22    XL:     9   Next: 20%
Magic:  14/14      EV:  8    Int:  9    God:    Lugonu [*****.]
Gold:   325        SH:  0    Dex: 12    Spells: 0 memorised, 8 levels left

rFire  . . .     SeeInvis .     w - +3 war axe (freeze)
rCold  . . .     Clarity  .     y - +0 chain mail
rNeg   . . .     SustAb   .     (no shield)
rPois  .         Gourm    .     (helmet restricted)
rElec  .         Spirit   .     r - +1 cloak
rCorr  .         Warding  .     (no gloves)
rMut   +         Stasis   .     (no boots)
MR     .....                    j - amulet of resist mutation {rMut, !d}
Stlth  ..........               (no ring)
                                f - ring of Idoicum {Wiz Str+4 Slay+2}

@: not resistant to hostile enchantments, extremely unstealthy
A: retaliatory headbutt, horns 2
a: Depart the Abyss, Bend Space, Banish, Corrupt, Enter the Abyss, Renounce
Religion


You were on level 7 of the Dungeon.
You worshipped Lugonu.
Lugonu was extremely pleased with you.
You were not hungry.

You visited 1 branch of the dungeon, and saw 7 of its levels.
You visited the Abyss 1 time.

You collected 325 gold pieces.

Inventory:

Hand weapons
 a - a +1 hand axe
 t - a +0 war axe
   (You took it off an orc on level 3 of the Dungeon)
 w - a +3 war axe of freezing (weapon)
   (You took it off an orc priest on level 5 of the Dungeon)
 C - a +1 hand axe of chopping
   (You found it on level 4 of the Dungeon)
Armour
 b - a +0 leather armour
 r - a +1 cloak (worn)
   (You found it on level 3 of the Dungeon)
 u - a +0 ring mail
   (You took it off an orc on level 3 of the Dungeon)
 x - a +0 scale mail
   (You found it on level 3 of the Dungeon)
 y - a +0 chain mail (worn)
   (You found it on level 4 of the Dungeon)
 z - a +0 chain mail
   (You took it off Ijyb on level 4 of the Dungeon)
Jewellery
 f - the ring of Idoicum (left hand) {Wiz Str+4 Slay+2}
   (You found it on level 4 of the Dungeon)

   [ring of wizardry]

   It improves your spell success rate.
   It affects your strength (+4).
   It affects your accuracy and damage with ranged weapons and melee attacks
   (+2).
 j - an amulet of resist mutation (around neck) {rMut, !d}
   (You found it on level 2 of the Dungeon)
Magical devices
 e - a wand of cold (11)
   (You found it on level 2 of the Abyss)
 k - a wand of random effects (23)
   (You found it on level 2 of the Dungeon)
 m - a wand of flame (42)
   (You found it on level 2 of the Dungeon)
 v - a wand of random effects (27)
   (You took it off Ijyb on level 4 of the Dungeon)
 F - a wand of flame (7)
   (You found it on level 5 of the Dungeon)
 I - a wand of draining (3)
   (You found it on level 6 of the Dungeon)
Scrolls
 o - 2 scrolls of remove curse
 p - 4 scrolls of teleportation
 E - a scroll of identify
Potions
 d - a potion of agility {unknown}
 h - 2 potions of heal wounds {unknown}
 i - 2 potions of restore abilities {unknown}
 l - 3 potions of mutation {unknown}
 n - a potion of beneficial mutation
 q - 3 potions of degeneration {unknown}
 s - 2 potions of might {unknown}
 A - 5 potions of curing
 B - a potion of resistance {unknown}
 D - a potion of cure mutation {unknown}
 G - a potion of lignification {unknown}
Comestibles
 c - 4 bread rations {@e1}
 g - 4 meat rations {@e2}


   Skills:
 + Level 7.4 Fighting
 * Level 10.3 Axes
 + Level 5.2 Armour
 - Level 1.9 Dodging
 + Level 6.0 Invocations


You had 8 spell levels left.
You didn't know any spells.

Dungeon Overview and Level Annotations

Branches:
Dungeon (7/15)             Temple (0/1) D:4

Altars:
Dithmenos
Fedhas
Okawaru
Trog
Vehumet
Xom
Zin


Innate Abilities, Weirdness & Mutations

You reflexively headbutt those who attack you in melee.
You have a pair of horns on your head.


Message History

You kill the sky beast!
Lugonu accepts your kill.
Your Axes skill increases to level 10!
You hit the insubstantial wisp.
The insubstantial wisp hits you but does no damage.
A sky beast comes into view.
The insubstantial wisp hits you but does no damage.
The insubstantial wisp thrums sharply.
You are struck by lightning.
The lightning arcs!
You take 5 damage, and have 54/79 hp.
Unknown command.
The insubstantial wisp hits you but does no damage.
Unknown command.
The insubstantial wisp hits you but does no damage.
A steam dragon comes into view.
You slash Eustachio! You freeze Eustachio. You slash the insubstantial wisp!
You freeze the insubstantial wisp. You barely miss the insubstantial wisp.
The insubstantial wisp blinks!
The steam dragon moves out of view.
Eustachio hits you with a falchion of holy wrath.
The sky beast hits you. The sky beast shocks you.
The insubstantial wisp completely misses you.
You take 8 damage, and have 47/79 hp.
Unknown command.
You closely miss Eustachio. You slash the sky beast! You freeze the sky beast.
You hit the insubstantial wisp but do no damage.
Eustachio closely misses you.
The insubstantial wisp hits you but does no damage.
The sky beast barely misses you.
You closely miss Eustachio.
You headbutt Eustachio, but do no damage.
You slash the insubstantial wisp! You hit the sky beast but do no damage.
Eustachio hits you but does no damage.
The insubstantial wisp hits you but does no damage.
The sky beast barely misses you.
You closely miss Eustachio.
Your chain mail prevents you from hitting the insubstantial wisp.
You hit the sky beast but do no damage. Eustachio barely misses you.
The insubstantial wisp closely misses you.
The sky beast hits you but does no damage.
You hit Eustachio. You freeze Eustachio. Your headbutt misses Eustachio.
You closely miss the sky beast. You miss the insubstantial wisp.
Eustachio casts a spell.
The sky beast flickers out of sight!
Deactivating autopickup; reactivate with Ctrl-A.
Something hits you but does no damage. The insubstantial wisp hits you.
You take 2 damage, and have 46/79 hp.
You miss Eustachio. You hit the river rat. You freeze the river rat.
Your chain mail prevents you from hitting the insubstantial wisp.
You closely miss the rat. You closely miss something.
Eustachio hits you but does no damage.
The insubstantial wisp hits you but does no damage.
The rat twitches its whiskers.
The rat bites you. Something hits you but does no damage.
The river rat barely misses you.
You take 2 damage, and have 44/79 hp.
You slash Eustachio! You freeze Eustachio. You headbutt Eustachio.
You kill Eustachio!
Lugonu accepts your kill.
Your Armour skill increases to level 5!
Your Invocations skill increases to level 6!
You closely miss the river rat. You hit the insubstantial wisp.
You hit the rat. You freeze the rat. You slash something! You freeze something.
The river rat disappears in a puff of smoke!
The rat disappears in a puff of smoke! x2
The insubstantial wisp closely misses you.
Something hits you. Something shocks you.
You take 6 damage, and have 38/79 hp.
You slash the insubstantial wisp!
You destroy the insubstantial wisp!
You miss something.
Your chain mail prevents you from hitting the insubstantial wisp.
The insubstantial wisp hits you.
The insubstantial wisp blinks!
Something hits you. Something shocks you.
You take 8 damage, and have 30/79 hp.
A sky beast comes into view.
Things that are here:
a falchion of holy wrath; a glowing leather armour the human corpse of Eustachio Unknown command.
You closely miss the steam dragon. The steam dragon barely misses you.
The steam dragon claws you but does no damage.
You barely miss the steam dragon. The steam dragon bites you!
* * * LOW HITPOINT WARNING * * *
The steam dragon closely misses you.
You take 8 damage, and have 22/79 hp.
You closely miss the steam dragon. You headbutt the steam dragon!
You miss the insubstantial wisp.
Your chain mail prevents you from hitting the sky beast.
The insubstantial wisp hits you but does no damage.
The steam dragon breathes steam at you. The ball of steam hits you!
* * * LOW HITPOINT WARNING * * *
The sky beast completely misses you.
You take 17 damage, and have 5/79 hp.
MASSIVE DAMAGE!!
The steam dragon breathes steam at you. The ball of steam hits you!
* * * LOW HITPOINT WARNING * * *
The insubstantial wisp hits you.
You die...

..≈§§...# #(.≈≈...#
..... #
#[#≈≈...##.......
≈.!##.≈≈...##......#
§≈..(.≈≈...##[.....#
§≈≈..≈≈≈{..##......#
#§≈≈≈§§#D..##......#
.#≈≈≈≈#v§...#......##
.......[Y@##.#.......#
...?....###....)....#
#..###### ##...))..?#
#. #..##.####
#..##.#######
##>##.......#
##########.# #...#
#####.####


You could see a steam dragon, a sky beast and an insubstantial wisp.

Vanquished Creatures
  The ghost of kroki the Chopper, an average MiAK of Lugonu (D:3)
  Eustachio (D:7)
  An insubstantial wisp (D:7)
  2 water moccasins
  An ice beast (D:6)
  A sky beast (D:7)
  A necrophage (D:7)
  2 giant frogs (D:6)
  2 scorpions (D:4)
  6 crimson imps
  2 centaur zombies
  4 hounds
  A jelly (D:5)
  A giant frog skeleton (D:5)
  5 orc wizards
  2 worker ants
  3 orc priests
  An iguana (D:7)
  Ijyb (D:4)
  A hound zombie (D:6)
  A worker ant zombie (D:5)
  7 gnolls
  2 shadow imps (D:6)
  8 adders
  A worm (D:4)
  2 giant geckos
  An ooze (D:3)
  22 orcs
  A ball python (D:1)
  13 bats
  3 giant cockroaches
  11 goblins
  9 hobgoblins
  10 kobolds
  3 quokkas
  A giant gecko skeleton (D:4)
  2 giant newts (D:1)
  12 rats
148 creatures vanquished.

Vanquished Creatures (others)
  An orc warrior (D:5)
  3 ogres
  An orc (D:5)
5 creatures vanquished.

Grand Total: 153 creatures vanquished

Notes
Turn   | Place    | Note
--------------------------------------------------------------
     0 | Abyss:1  | kroki, the Minotaur Abyssal Knight, began the quest for the Orb.
     0 | Abyss:1  | Reached XP level 1. HP: 19/19 MP: 1/1
    54 | Abyss:2  | Noticed a spatial vortex
    66 | Abyss:2  | Noticed a chaos spawn
    72 | Abyss:2  | Noticed an orange demon
    75 | Abyss:2  | Noticed a raiju
    77 | D:1      | Escaped the Abyss
   402 | D:1      | Reached XP level 2. HP: 27/27 MP: 1/1
   450 | D:1      | Acquired Lugonu's second power
   700 | D:1      | Reached skill level 3 in Axes
   718 | D:1      | Reached skill level 2 in Invocations
  1039 | D:2      | Found a shimmering altar of Xom.
  1047 | D:2      | Reached XP level 3. HP: 33/33 MP: 2/2
  1144 | D:2      | Reached skill level 4 in Fighting
  1867 | D:3      | Acquired Lugonu's third power
  1884 | D:3      | Reached XP level 4. HP: 29/40 MP: 3/3
  1902 | D:3      | Noticed kroki's ghost (average MiAK)
  1955 | D:3      | Killed kroki's ghost
  1955 | D:3      | Reached skill level 5 in Axes
  1955 | D:3      | Reached skill level 3 in Invocations
  1955 | D:3      | Reached XP level 5. HP: 20/47 MP: 3/5
  2070 | D:3      | HP: 10/47 [hobgoblin (3)]
  2079 | D:3      | HP: 1/47 [orc/hand axe (6)]
  2094 | D:3      | HP: 11/47 [orc/hand axe (2)]
  2095 | D:3      | HP: 2/47 [orc/hand axe (9)]
  2218 | D:3      | You fall through a shaft for 2 floors!
  2218 | D:5      | Entered Level 5 of the Dungeon
  2218 | D:5      | Noticed an orc warrior
  2243 | D:5      | Found an iron altar of Okawaru.
  2245 | D:5      | Found a glowing silver altar of Zin.
  2271 | D:4      | Reached skill level 5 in Fighting
  2271 | D:4      | Reached XP level 6. HP: 14/56 MP: 7/7
  2280 | D:4      | Got a wavering lead ring
  2281 | D:4      | Identified the ring of Idoicum {Wiz Str+4 Slay+2} (You found it on level 4 of the Dungeon)
  2503 | D:4      | Found a staircase to the Ecumenical Temple.
  2674 | D:3      | Acquired Lugonu's fourth power
  2879 | D:4      | Noticed Ijyb
  2889 | D:4      | Killed Ijyb
  3028 | D:4      | Reached skill level 6 in Axes
  3048 | D:4      | Noticed an ogre
  3051 | D:4      | Banished an ogre
  3239 | D:4      | Reached skill level 4 in Invocations
  3239 | D:4      | Reached XP level 7. HP: 61/61 MP: 8/8
  3309 | D:4      | Noticed a moth of wrath
  3513 | D:4      | Found a bloodstained altar of Trog.
  3586 | D:5      | Banished an orc warrior
  3588 | D:5      | Reached skill level 7 in Axes
  4025 | D:5      | Noticed a water moccasin
  4037 | D:5      | Killed a water moccasin
  4037 | D:5      | Reached skill level 6 in Fighting
  4097 | D:5      | Reached skill level 8 in Axes
  4187 | D:5      | Reached XP level 8. HP: 70/70 MP: 9/9
  4254 | D:5      | Found a blossoming altar of Fedhas.
  4272 | D:5      | Found a shadowy altar of Dithmenos.
  4689 | D:6      | Reached skill level 3 in Armour
  4817 | D:6      | Reached skill level 5 in Invocations
  4931 | D:6      | Acquired Lugonu's fifth power
  5011 | D:6      | Reached skill level 9 in Axes
  5011 | D:6      | Reached skill level 4 in Armour
  5036 | D:6      | Found a radiant altar of Vehumet.
  5116 | D:6      | Reached skill level 7 in Fighting
  5466 | D:7      | Reached XP level 9. HP: 77/79 MP: 13/13
  5507 | D:7      | Noticed Eustachio
  5511 | D:7      | Reached skill level 10 in Axes
  5521 | D:7      | Killed Eustachio
  5521 | D:7      | Reached skill level 5 in Armour
  5521 | D:7      | Reached skill level 6 in Invocations
  5526 | D:7      | HP: 5/79 [steam dragon/ball of steam (18)]
  5527 | D:7      | HP: 1/79 [steam dragon/ball of steam (4)]
  5527 | D:7      | Slain by an insubstantial wisp

Action                   |  1- 3 |  4- 6 |  7- 9 || total
-------------------------+-------+-------+-------++-------
Melee: Hand axe          |    83 |    31 |       ||   114
       War axe           |       |    58 |   157 ||   215
Invok: Banish            |       |     1 |     4 ||     5
Evoke: Wand              |       |     4 |       ||     4
  Use: Scroll            |     3 |     2 |     8 ||    13
       Potion            |       |     3 |       ||     3
  Eat: Meat ration       |     1 |       |       ||     1
       Beef jerky        |       |     1 |       ||     1
       Bread ration      |       |       |     3 ||     3

Vault maps used:
D:1:      tarquinn_simple_flora_water_a, minmay_fountain_box,
          serial_bayou_lake_a
D:2:      xom_butterflies, grunt_ministairs_2
D:4:      minmay_temple_entry_glassed_door, minmay_misc_feat_room, tgw_trog,
          uniq_iyjb
D:5:      gammafunk_temple_overflow_forgotten, first_bread, fedhas_altar_2
D:6:      kennysheep_little_box
D:7:      hangedman_misty_isle, uniq_eustachio, uniq_blork_the_orc
Abyss:1:  minivault_1, minivault_22

Table legend:
 A = Turns spent in this place as a percentage of turns spent in the entire game.
 B = Non-inter-level travel turns spent in this place as a percentage of non-inter-level travel turns spent in the entire game.
 C = Inter-level travel turns spent in this place as a percentage of turns spent in this place.
 D = Turns resting spent in this place as a percentage of non-inter-level travel turns spent in this place.
 E = Turns spent auto-exploring this place as a percentage of non-inter-level travel turns spent in this place.
 F = Non-inter-level travel turns spent in this place divided by the number of levels of this place that you've seen.
                   A       B       C       D       E      F
               +-------+-------+-------+-------+-------+----------------------
         Total | 100.0 | 100.0 |   0.4 |   0.7 |  10.8 | 342.0
       Dungeon |  97.4 |  97.4 |   0.4 |   0.7 |  11.0 | 428.1
         Abyss |   2.6 |   2.6 |   0.0 |   0.0 |   0.0 |  40.5
               +-------+-------+-------+-------+-------+----------------------

Table legend:
 A = Kills in this place as a percentage of kills in entire the game.
 B = Kills by you in this place as a percentage of kills by you in the entire game.
 C = Kills by friends in this place as a percentage of kills by friends in the entire game.
 D = Other kills in this place as a percentage of other kills in the entire game.
 E = Experience gained in this place as a percentage of experience gained in the entire game.
 F = Experience gained in this place divided by the number of levels of this place that you have seen.
                   A       B       C       D       E      F
               +-------+-------+-------+-------+-------+----------------------
         Total | 100.0 | 100.0 |  -nan | 100.0 | 100.0 | 373.8
       Dungeon | 100.0 | 100.0 |  -nan | 100.0 | 100.0 | 480.6
               +-------+-------+-------+-------+-------+----------------------
